 Dungeon Crawl Stone Soup version 0.25-a0-942-g87a53962fc (webtiles) character file.

Game seed: 9433434217962156154, levelgen mode: deterministic

172 MisterFreud the Twirler (level 5, 0/35 HPs)
             Began as a Human Wanderer on May 7, 2020.
             Was a Follower of Qazlal.
             Slain by Robin
             ... wielding a +0 falchion
              (6 damage)
             ... on level 3 of the Dungeon.
             The game lasted 00:04:22 (3903 turns).

MisterFreud the Twirler (Human Wanderer)            Turns: 3903, Time: 00:04:23

Health: 0/35       AC:  2    Str: 11    XL:     5   Next: 83%
Magic:  5/5        EV: 13    Int: 13    God:    Qazlal [*.....]
Gold:   98         SH:  2    Dex: 14    Spells: 4/4 levels left

rFire    . . .     SeeInvis +   a - +2 quarterstaff
rCold    + . .     Gourm    .   (shield currently unavailable)
rNeg     . . .     Faith    .   d - +0 robe
rPois    .         Spirit   .   (no helmet)
rElec    .         Reflect  .   (no cloak)
rCorr    .         Harm     .   (no gloves)
MR       .....                  (no boots)
Stlth    ++........             (no amulet)
HPRegen  0.11/turn              l - ring of protection from cold
MPRegen  0.09/turn              w - ring of see invisible

@: no status effects
A: no striking features
a: Renounce Religion


You were on level 3 of the Dungeon.
You worshipped Qazlal.
Qazlal was aware of your devotion.
You were not hungry.

You visited 1 branch of the dungeon, and saw 3 of its levels.

You collected 98 gold pieces.

Inventory:

Hand Weapons
 a - a +2 quarterstaff (weapon)
 e - a +0 dagger
 s - a +2 dagger of venom
Missiles
 h - 131 stones (quivered)
 m - 38 arrows
 n - 9 poisoned darts
 q - 21 bolts
Armour
 d - a +0 robe (worn)
Jewellery
 l - a ring of protection from cold (left hand)
 w - a ring of see invisible (right hand)
Wands
 b - a wand of polymorph (4)
Scrolls
 c - 4 scrolls of teleportation
 g - a scroll of amnesia {unknown}
 i - 2 scrolls of identify {unknown}
 k - a scroll of magic mapping {unknown}
 o - a scroll of random uselessness {unknown}
 v - a scroll of blinking {unknown}
Potions
 j - a potion of flight {unknown}
 p - a potion of lignification
 r - a potion of berserk rage {unknown}
 u - a potion of haste {unknown}
Comestibles
 f - 6 rations


   Skills:
 - Level 1.0 Short Blades
 + Level 5.6 Staves
 - Level 3.0 Dodging
 - Level 2.0 Stealth
   Level 1.0 Shields
 - Level 1.0 Evocations


You had 4 spell levels left.
You didn't know any spells.
Your spell library was empty.

Dungeon Overview and Level Annotations

Branches:
Dungeon (3/15)

Altars:
Cheibriados
Fedhas
Gozag
Kikubaaqudgha
Qazlal
Trog
Wu Jian

Annotations:
D:3 Robin


Message History

You hit Robin but do no damage. Robin hits you but does no damage.
You hit Robin.
Robin is lightly wounded.
Robin closely misses you.
You hit Robin.
Robin is moderately wounded.
Robin flexes a bicep menacingly.
Robin misses you.
You hit Robin.
Robin is severely wounded.
Robin zaps a wand.
The puff of flame hits you!
* * * LOW HITPOINT WARNING * * *
You hit Robin but do no damage.
Robin is severely wounded.
Robin says, "Bow before me, strongest of all the hobgoblins!"
Robin hits you but does no damage.
You hit Robin but do no damage.
Robin is severely wounded.
Robin hits you with a +0 falchion.
You die...

..#######..#.####...#.#
#(#
...........#.#......#.##
#(#
#'###.####.#...........#
#.# #.#
#......#.....g.....# #)#
#.###.###..#......g.#..#
#)# ._..+.#
#..#.#.........# #.#
#####.# #..#.....<...#.#
#.# ### #.#
#..#.#####.#.#.# #.#
#####.# #.......@g..<#.#
#.# ......#
#.##.#########.## #.#
...#### #.#.....).......#
#.#
.#.######.###############
#.# >.................
..# ...#####.#########
### .#######.# .......#.#
######.#.#


You could see Robin.

Vanquished Creatures
  A crimson imp (D:3)
  Terence (D:2)
  3 adders (D:3)
  A gnoll (D:1)
  3 worms
  2 dart slugs
  A leopard gecko (D:3)
  A bat (D:3)
  A giant cockroach (D:1)
  7 hobgoblins
  4 jackals (D:3)
  3 kobolds (D:1)
  2 quokkas
  A frilled lizard (D:1)
  13 goblins
  24 rats
68 creatures vanquished.

Notes
Turn   | Place    | Note
-------+----------+-------------------------------------------
     0 | D:1      | MisterFreud the Human Wanderer began the quest for the Orb.
     0 | D:1      | MisterFreud set off with the following items: a +2
                  | quarterstaff, a potion of lignification, a scroll of
                  | teleportation, a +0 robe, a +0 dagger, a ration
     0 | D:1      | Reached XP level 1. HP: 13/13 MP: 1/1
   214 | D:1      | Reached skill level 3 in Staves
   214 | D:1      | Reached XP level 2. HP: 5/19 MP: 2/2
   726 | D:1      | Reached XP level 3. HP: 24/24 MP: 3/3
  1111 | D:2      | Noticed Terence
  1133 | D:2      | Killed Terence
  1133 | D:2      | Reached skill level 4 in Staves
  1133 | D:2      | Reached XP level 4. HP: 24/30 MP: 4/4
  1361 | D:2      | Found a bloodstained altar of Trog.
  1578 | D:2      | Found a snail-covered altar of Cheibriados.
  1780 | D:2      | Found a stormy altar of Qazlal.
  1783 | D:2      | Found a blossoming altar of Fedhas.
  1790 | D:2      | Found a faded altar of an unknown god.
  1810 | D:2      | Became a worshipper of Qazlal Stormbringer
  1878 | D:2      | Found an ancient bone altar of Kikubaaqudgha.
  2479 | D:3      | Reached * piety under Qazlal
  2479 | D:3      | Reached XP level 5. HP: 15/35 MP: 5/5
  2512 | D:3      | HP: 1/35 [poisoned by an adder]
  2896 | D:3      | Reached skill level 5 in Staves
  3069 | D:3      | Found an opulent altar of Gozag.
  3151 | D:3      | Found an ornate altar of the Wu Jian Council.
  3657 | D:3      | Noticed Robin
  3903 | D:3      | Slain by Robin

Levels and vault maps discovered:
D:1:      evilmike_arrival_plus, layout_basic
D:2:      layout_loops_corners, grunt_temple_overflow_forces_of_nature,
          kiku_gazebo_pond_becter, nicolae_overflow_crystal_walls,
          old_standard_altar, chequers_ecumenical_altar_simple, minmay_rat_hole,
          uniq_terence
D:3:      layout_basic, grunt_gozag_statues, lemuel_doored_altar,
          minmay_diced_spiral, uniq_robin

Skill      XL: |  1  2  3  4  5 |
---------------+----------------+-----
Staves         | 3 4 5 |  5.6
Short Blades   | |  1.0
Dodging        | |  3.0
Stealth        | |  2.0
Shields        | |  1.0
Evocations     | |  1.0

Action                   |  1- 3 |  4- 6 || total
-------------------------+-------+-------++-------
Melee: Quarterstaff      |    51 |   143 ||   194
  Use: Potion            |     1 |       ||     1
 Stab: Sleeping          |     4 |     3 ||     7
  Eat: Chunk             |       |     6 ||     6
       Ration            |       |     1 ||     1
Armor: Robe              |     3 |    11 ||    14
       Skin              |     4 |       ||     4
Dodge: Dodged            |    28 |   117 ||   145
Block: Other             |       |     5 ||     5

Table legend:
 A = Non-vault XP
 B = Vault XP
 C = Vault XP percentage of total XP
 D = Non-vault monster count
 E = Vault monster count
 F = Vault count percentage of total count
                 A         B        C        D         E       F
            +---------+---------+-------+---------+---------+-------
      Total |     158 |      89 |  36.0 |      37 |      31 |  45.6
            +---------+---------+-------+---------+---------+-------
        D:1 |      36 |       0 |   0.0 |      13 |       0 |   0.0
        D:2 |      15 |      58 |  79.5 |       6 |      21 |  77.8
        D:3 |     107 |      31 |  22.5 |      18 |      10 |  35.7
            +---------+---------+-------+---------+---------+-------
